Map: Curious Minds LE

Players

TIME (Oliveira)

  • Race: Terran Terran

LiquidClem (Clem) - Winner!

  • Race: Terran Terran

VOD

Have the link to the VOD?

Description

Time

  • Played on: Oct. 21, 2021, 8:57 a.m.
  • Length: 3:54
Show
View Real Time Build Order
Export as new Build Order

TIME Terran 

Build Orders: Reaper Expand 

Get SALT Encoding   

  12  0:00  SCV  
  13  0:12  SCV  
  14  0:17  Supply Depot  
  14  0:24  SCV  
  15  0:38  SCV  
  15  0:40  Barracks  
  16  0:44  Refinery  
  16  0:51  SCV  
  17  1:03  SCV  
  18  1:15  SCV  
  19  1:28  Orbital Command  
  19  1:29  Reaper  
  20  1:38  Command Center  
  20  1:47  Supply Depot  
  20  1:54  SCV  
  21  2:00  Marine  
  22  2:06  SCV  
  23  2:08  Factory  
  23  2:14  Bunker  
  23  2:18  SCV  
  23  2:22  Refinery  
  24  2:23  Barracks Reactor  
  24  2:30  SCV  
  25  2:42  SCV  
  26  2:51  Orbital Command  
  26  2:52  Hellion  
  28  3:00  Marine x2  
  28  3:01  SCV  
  27  3:07  Starport  
  24  3:14  Hellion  
  24  3:18  Marine x2  
  26  3:27  SCV  
Show
View Real Time Build Order
Export as new Build Order

LiquidClem Terran - Winner!

Build Orders:  

Get SALT Encoding   

  12  0:00  SCV  
  13  0:12  SCV  
  14  0:17  Supply Depot  
  14  0:24  SCV  
  15  0:38  SCV  
  15  0:39  Barracks  
  16  0:43  Refinery  
  16  0:50  SCV  
  17  1:01  Barracks  
  17  1:03  SCV  
  18  1:08  Refinery  
  18  1:17  SCV  
  19  1:26  Reaper  
  19  1:30  Orbital Command  
  20  1:39  Supply Depot  
  20  1:48  Reaper  
  21  1:55  SCV  
  21  1:58  Reaper  
  23  2:07  Factory, SCV  
  24  2:14  Supply Depot  
  24  2:20  Reaper  
  24  2:21  SCV  
  26  2:30  Reaper  
  26  2:33  SCV  
  28  2:48  Command Center  
  28  2:53  Hellion  
  28  2:57  Reaper  
  31  3:03  SCV  
  31  3:05  Reaper  
  33  3:15  Hellion  
  34  3:21  SCV  
  35  3:27  Starport  
  36  3:35  SCV  
  39  3:49  Refinery  
Tags
 
Add a new tag
Caveats
  • Supply blocks, unpowered buildings, or Contaminate may cause inaccurate times.
  • Supply counts are checked every 10 seconds.